 Dungeon Crawl Stone Soup version 0.22-a0-433-gd2a9cce (webtiles) character file.

314 MisterFreud the Spear-Bearer (level 6, -12/44 HPs)
             Began as a Merfolk Gladiator on May 28, 2018.
             Mangled by Menkaure (19 damage)
             ... on level 4 of the Dungeon.
             The game lasted 00:05:00 (2929 turns).

MisterFreud the Spear-Bearer (Merfolk Gladiator)    Turns: 2929, Time: 00:05:01

Health: -12/44     AC:  5    Str: 15    XL:     6   Next: 43%
Magic:  6/6        EV: 20    Int:  7    God:
Gold:   132        SH:  0    Dex: 22    Spells: 5/5 levels left

rFire    . . .     SeeInvis .   a - +0 trident
rCold    . . .     Gourm    .   (no shield)
rNeg     . . .     Faith    .   b - +0 leather armour
rPois    .         Spirit   .   c - +0 helmet
rElec    .         Reflect  .   (no cloak)
rCorr    .         Harm     .   (no gloves)
MR       .....                  u - +0 pair of boots
Stlth    +++.......             (no amulet)
HPRegen  0.14/turn              (no ring)
MPRegen  0.10/turn              (no ring)

@: agile
A: change form in water, swift swim, stealthy swim
a: no special abilities


You were on level 4 of the Dungeon.
You were not hungry.

You visited 1 branch of the dungeon, and saw 4 of its levels.

You collected 132 gold pieces.

Inventory:

Hand Weapons
 a - a +0 trident (weapon)
Missiles
 d - 3 throwing nets (quivered)
 g - 137 stones
 k - 32 sling bullets
 p - 39 arrows
 s - 20 bolts
Armour
 b - a +0 leather armour (worn)
 c - a +0 helmet (worn)
 u - a +0 pair of boots (worn)
Scrolls
 e - 2 scrolls of immolation {unknown}
 h - 5 scrolls of teleportation {unknown}
 i - a scroll of blinking {unknown}
 j - 4 scrolls of identify {unknown}
 l - a scroll of fog {unknown}
 m - a scroll of enchant armour {unknown}
 n - 3 scrolls of remove curse {unknown}
 q - 3 scrolls of noise {unknown}
Potions
 o - a potion of mutation {unknown}
 r - a potion of agility
 t - a potion of degeneration {unknown}
 v - a potion of heal wounds {unknown}
 w - a potion of resistance {unknown}
 x - a potion of brilliance {unknown}
Comestibles
 f - 7 rations


   Skills:
 - Level 2.1 Fighting
 + Level 10.0 Polearms
 - Level 2.0 Throwing
 - Level 4.0 Dodging


You had 5 spell levels left.
You didn't know any spells.
Your spell library was empty.

Dungeon Overview and Level Annotations

Branches:
Dungeon (4/15)
 Temple: D:4-7

Altars:
Fedhas
Ru

Annotations:
D:4 Menkaure


Message History

You hit Menkaure.
Menkaure is moderately damaged.
Menkaure calls on the powers of darkness!
Your body is wracked with pain!
You hit Menkaure.
Menkaure is heavily damaged.
Menkaure closely misses you.
You hit Menkaure.
Menkaure is heavily damaged.
Menkaure hits you!
* * * LOW HITPOINT WARNING * * *
You are too injured to fight recklessly!
You barely miss Menkaure.
Menkaure is heavily damaged.
Menkaure hits you.
* * * LOW HITPOINT WARNING * * *
It was a potion of agility.
You feel agile all of a sudden. Menkaure hits you!!
You die...

#.................#
##................#
#................#
###.................#
....##..............# ##
....###.............# ##<
.....##............†####..
......##..........†.##....
.......##@..........#.....
...M...###M...............
................#####.....
........#####...# #......
........# ##### ##......
.......## #....... .......
###..... ......# ##....
...... ##...


You could see Menkaure.

Vanquished Creatures
  The ghost of Tiareth the Digger, an amateur TrEE (D:3)
  A hound (D:3)
  A centaur skeleton (D:2)
  3 worker ants
  3 adders
  2 oozes
  2 worms (D:3)
  2 dart slugs
  2 leopard geckos (D:4)
  An orc (D:4)
  2 ball pythons
  2 giant cockroaches (D:1)
  3 goblins
  6 hobgoblins
  4 jackals (D:4)
  2 quokkas (D:3)
  7 bats
  4 frilled lizards
  5 kobolds
  A quokka skeleton (D:4)
  8 rats
62 creatures vanquished.

Notes
Turn   | Place    | Note
-------+----------+-------------------------------------------
     0 | D:1      | MisterFreud the Merfolk Gladiator began the quest for the Orb.
     0 | D:1      | Reached XP level 1. HP: 16/16 MP: 1/1
   131 | D:1      | Reached skill level 5 in Polearms
   144 | D:1      | Reached XP level 2. HP: 20/22 MP: 2/2
   687 | D:2      | Reached skill level 6 in Polearms
   687 | D:2      | Reached XP level 3. HP: 24/27 MP: 3/3
  1040 | D:2      | Reached XP level 4. HP: 33/33 MP: 4/4
  1100 | D:2      | Reached skill level 7 in Polearms
  1268 | D:3      | Found a sacrificial altar of Ru.
  1545 | D:3      | Reached skill level 8 in Polearms
  1545 | D:3      | Reached XP level 5. HP: 37/38 MP: 5/5
  1599 | D:3      | Noticed Tiareth's ghost (amateur TrEE)
  1877 | D:3      | Killed Tiareth's ghost
  1877 | D:3      | Reached skill level 9 in Polearms
  2362 | D:4      | Reached XP level 6. HP: 38/44 MP: 6/6
  2375 | D:4      | Found a blossoming altar of Fedhas.
  2744 | D:4      | Reached skill level 10 in Polearms
  2914 | D:4      | Noticed Menkaure
  2929 | D:4      | Mangled by Menkaure

Vault maps used:
D:1:      dpeg_arrival_water_temple_mockup
D:2:      first_ration
D:3:      old_standard_altar, saegor_snake_ambush
D:4:      kennysheep_little_box, uniq_menkaure

Skill      XL: |  1  2  3  4  5  6 |
---------------+-------------------+-----
Polearms       | 5 6 8 9 10 | 10.0
Fighting       | |  2.1
Throwing       | |  2.0
Dodging        | |  4.0

Action                   |  1- 3 |  4- 6 || total
-------------------------+-------+-------++-------
Melee: Trident           |    72 |   141 ||   213
Throw: Throwing net      |       |     2 ||     2
  Use: Potion            |       |     1 ||     1
 Stab: Sleeping          |     2 |     1 ||     3
  Eat: Chunk             |       |     3 ||     3
       Ration            |       |     1 ||     1
Armor: Leather armour    |    14 |    19 ||    33
Dodge: Dodged            |    28 |    60 ||    88

Table legend:
 A = Spawn XP
 B = Non-spawn XP
 C = Spawn XP percentage of total XP
 D = Spawn monster count
 E = Non-spawn monster count
 F = Spawn count percentage of total count
 G = Total turns spent on level
                    A         B        C        D         E        F      G
               +---------+---------+-------+---------+---------+-------+---------
         Total |       0 |     449 |   0.0 |       0 |      62 |   0.0 |  2929
               +---------+---------+-------+---------+---------+-------+---------
           D:1 |       0 |      31 |   0.0 |       0 |      17 |   0.0 |   667
           D:2 |       0 |      57 |   0.0 |       0 |      13 |   0.0 |   814
           D:3 |       0 |     254 |   0.0 |       0 |      18 |   0.0 |   965
           D:4 |       0 |     107 |   0.0 |       0 |      14 |   0.0 |   483
               +---------+---------+-------+---------+---------+-------+---------
